 Dungeon Crawl Stone Soup version 0.11.3 (webtiles) character file.

184 Banto the Changer (level 4, -2/28 HPs)
             Began as a Sludge Elf Stalker on Aug 6, 2020.
             Slain by an orc wizard
             ... wielding a -1,+1 orcish dagger
              (5 damage)
             ... on Level 3 of the Dungeon.
             The game lasted 00:03:31 (2332 turns).

Banto the Changer (Sludge Elf Stalker)              Turns: 2332, Time: 00:03:31

HP  -2/28        AC  3     Str 10      XL: 4   Next:  4%
MP   1/6         EV 13     Int 15      God:
Gold 124         SH  0     Dex 15      Spells:  2 memorised,  2 levels left

Res.Fire  : . . .   See Invis. : .   a - +3,+2 elf dagger {=f}
Res.Cold  : . . .   Warding    : .   b - +0 elf robe
Life Prot.: . . .   Conserve   : .   (no shield)
Res.Poison: +       Res.Corr.  : .   (no helmet)
Res.Elec. : .       Clarity    : .   c - +0 elf cloak
Sust.Abil.: . .     Spirit.Shd : .   (no gloves)
Res.Mut.  : .       Stasis     : .   (no boots)
Res.Rott. : .       Ctrl.Telep.: .   (no amulet)
Saprovore : . . .   Levitation : .   (no ring) Ctrl.Flight: .
                                     l - ring of poison resistance {unknown}

@: slightly resistant to hostile enchantments, stealthy
A: no striking features
a: no special abilities


You were on level 3 of the Dungeon.
You were very hungry.

You visited 1 branch of the dungeon, and saw 3 of its levels.

You collected 104 gold pieces.

Inventory:

Hand weapons
 a - a +3,+2 elven dagger (weapon) {=f}
Armour
 b - a +0 elven robe (worn)
 c - a +0 elven cloak (worn)
Comestibles
 f - 6 bread rations
 j - a lemon
 q - a pear
 t - an apple
 u - a choko
Scrolls
 i - 3 scrolls of enchant weapon I
 n - 2 scrolls of curse weapon {unknown}
 o - a scroll of amnesia {unknown}
 p - 2 scrolls of remove curse {unknown}
 r - a scroll of enchant weapon II {unknown}
 s - a scroll of fear {unknown}
Jewellery
 l - a ring of poison resistance (left hand) {unknown}
Potions
 e - 4 potions of confusion
 g - a potion of water
 h - 2 potions of curing {unknown}
 k - 2 potions of invisibility {unknown}
 m - 2 potions of poison
 v - a potion of heal wounds {unknown}
Books
 d - a book of Stalking

   Spells                             Type                      Level
   *Fulsome Distillation              Transmutation/Necromancy     1
   *Evaporate                         Fire/Transmutation           2
   Passwall                           Transmutation/Earth          3
   Petrify                            Transmutation/Earth          4
   Dig                                Transmutation/Earth          4


   Skills:
 - Level 1.1 Fighting
 - Level 0.8 Short Blades
 - Level 2.4 Dodging
 + Level 3.2 Stealth
 - Level 2.0 Stabbing
 - Level 1.2 Spellcasting
 * Level 4.9 Transmutations


You had 2 spell levels left.
You knew the following spells:

 Your Spells              Type           Power        Failure   Level  Hunger
a - Fulsome Distillation  Trmt/Necr      N/A          12%         1    ##.....
b - Evaporate             Fire/Trmt      ##.....      14%         2    ###....


Dungeon Overview and Level Annotations

Branches:
Dungeon (3/27)

Altars:
Okawaru


Message History

The orc wizard is heavily wounded.
The orc hits you with an orcish falchion.
You hit the orc wizard.
The orc wizard is severely wounded.
The orc hits you with an orcish falchion.
* * * LOW HITPOINT WARNING * * *
You hit the orc wizard.
The orc wizard is almost dead.
The orc hits you with an orcish falchion.
* * * LOW HITPOINT WARNING * * *
Your magical contamination has completely faded away.
The orc wizard covers its eyes.
You hit the orc wizard but do no damage.
The orc wizard is almost dead.
The orc hits you with an orcish falchion.
* * * LOW HITPOINT WARNING * * *
You hit the orc wizard but do no damage.
The orc wizard is almost dead.
The orc wizard hits you with an orcish dagger.
You die...

...### .....#
#'##.#
###########
#.##.#
.....oo...#
#.#^.#
#########o#
#.#..# #o#
#.#.#### #o#
#.#....# #o#
..####.#
#####@# ..#
#.# #...o.#
..#
#.#####.#####
..# #.....#.#
..# #####.#.#
..# #.#.# ..#
#.#.# ..#
#.#.# ..#
#...#


You could see an orc wizard (confused) and 4 orcs.

Vanquished Creatures
  A giant mite (D:2)
  2 giant geckos
  3 giant cockroaches (D:1)
  6 goblins
  8 hobgoblins
  4 jackals (D:3)
  4 kobolds
  A quokka (D:2)
  2 ball pythons (D:1)
  5 bats
  2 giant newts
  10 rats
48 creatures vanquished.

Vanquished Creatures (others)
  A kobold (D:2)
1 creature vanquished.

Grand Total: 49 creatures vanquished

Notes
Turn   | Place    | Note
--------------------------------------------------------------
     0 | D:1      | Banto, the Sludge Elf Stalker, began the quest for the Orb.
     0 | D:1      | Reached XP level 1. HP: 13/13 MP: 1/1
    31 | D:1      | Reached skill level 3 in Transmutations
   228 | D:1      | Reached XP level 2. HP: 18/18 MP: 3/3
   236 | D:1      | Learned a level 2 spell: Evaporate
   952 | D:1      | Reached skill level 4 in Transmutations
   959 | D:1      | Reached XP level 3. HP: 20/23 MP: 4/4
  1863 | D:3      | Found an iron altar of Okawaru.
  2220 | D:3      | Reached XP level 4. HP: 26/28 MP: 6/6
  2332 | D:3      | Slain by an orc wizard
